 Dungeon Sprint DCSS version 0.17-a0-1805-g6093636 (webtiles) character file.

1653 nuthulu the Fighter (level 8, -9/124 HPs)
             Began as a Minotaur Berserker on Sept 12, 2015.
             Was an Elder of Trog.
             Mangled by a centaur warrior (13 damage)
             ... in the Dungeon (Sprint III: "The Ten Rune Challenge").
             The game lasted 00:04:54 (1436 turns).

nuthulu the Fighter (Minotaur Berserker)            Turns: 1436, Time: 00:04:54

Health: -9/124     AC:  4    Str: 31    XL:     8   Next: 68%
Magic:  7/7        EV: 17    Int:  4    God:    Trog [****..]
Gold:   37         SH:  0    Dex: 11    Spells: 0 memorised, 7 levels left

rFire  . . .     SeeInvis .     a - +0 hand axe
rCold  . . .     Clarity  .     b - +0 animal skin
rNeg   . . .     SustAt   .     (no shield)
rPois  .         Gourm    .     (helmet restricted)
rElec  .         Spirit   .     (no cloak)
rCorr  .         Warding  .     r - +0 pair of gloves {Str+3}
rMut   .         NoTele   +     (no boots)
MR     ++...                    (no amulet)
Stlth  ..........               (no ring)
                                (no ring)

@: berserking, very slightly contaminated, regenerating, hasted, very quick,
very resistant to hostile enchantments, extremely unstealthy
A: retaliatory headbutt, horns 2
a: Burn Spellbooks, Berserk, Trog's Hand, Brothers in Arms, Renounce Religion


You were in the Dungeon.
You worshipped Trog.
Trog was greatly pleased with you.
You were not hungry.

You visited 1 branch You collected 37 gold pieces.

Inventory:

Hand weapons
 a - a +0 hand axe (weapon)
Missiles
 j - 6 silver javelins (quivered)
Armour
 b - a +0 animal skin (worn)
 r - a +0 pair of gloves of strength (worn)
Magical devices
 q - a wand of magic darts (15)
Scrolls
 i - a scroll of blinking
 k - 2 scrolls of holy word
 l - a scroll of identify
 m - 4 scrolls of remove curse
Potions
 d - a potion of curing
 g - 2 potions of magic
 h - a potion of berserk rage
 n - 2 potions of cure mutation
 o - 4 potions of flight
Comestibles
 c - a bread ration
 p - a royal jelly


   Skills:
 + Level 12.0 Fighting
 + Level 12.0 Axes
 + Level 11.7 Armour
 + Level 10.9 Dodging


You had 7 spell levels left.
You didn't know any spells.

Dungeon Overview and Level Annotations

Branches:
Dungeon (1/1)

Altars:
Cheibriados
Dithmenos
Elyvilon
Fedhas
Gozag
Kikubaaqudgha
Makhleb
Nemelex Xobeh
Okawaru
Qazlal
Ru
Sif Muna
Trog
Vehumet
Xom
Yredelemnul
Zin
The Shining One
Jiyva
Lugonu


Innate Abilities, Weirdness & Mutations

You reflexively headbutt those who attack you in melee.
You have a pair of horns on your head.


Message History

The centaur is severely wounded.
The centaur hits you.
* * * LOW HITPOINT WARNING * * *
The centaur warrior misses you.
Use which ability?
Your skin crawls.
You feel resistant to hostile enchantments.
You feel slightly more hungry. The centaur warrior hits you.
* * * LOW HITPOINT WARNING * * *
The centaur completely misses you.
You hit the centaur warrior but do no damage.
The centaur warrior is severely wounded.
You closely miss the centaur.
The centaur is severely wounded.
Unknown command.
Use which ability?
A red film seems to cover your vision as you go berserk!
You feel yourself moving faster!
You feel mighty!
You feel somewhat more hungry. The centaur warrior hits you!
You die...

####### __.#__#
..)#._# '###+##
...÷..# ...)..#
#####+#
__#...#+#############
__#...#.§§§≈'.#)@c..+
__#...#.#§≈§#.#(#c..#
__#...'.#§§§#.#.#...#
_.+...#.#§§§#...#...#
▓▓▓▓▓▓▓▓▓▓▓▓▓▓▓▓▓▓▓▓#


You could see a centaur warrior and a centaur.

Vanquished Creatures
  A deep elf priest (D)
  A shadow (D)
  A spatial vortex (D)
  A necrophage (D)
  An earth elemental (D)
  A centaur (D)
  A water elemental (D)
  A jelly (D)
  A necromancer (D)
  A wizard (D)
  3 humans (D)
  A kobold demonologist (D)
  An ooze (D)
  A phantom (D)
  3 rats (D)
19 creatures vanquished.

Vanquished Creatures (collateral kills)
  Snorg (D)
1 creature vanquished.

Vanquished Creatures (others)
  2 draconian scorchers (D)
  A yaktaur (D)
3 creatures vanquished.

Grand Total: 23 creatures vanquished

Notes
Turn   | Place    | Note
--------------------------------------------------------------
     0 | D        | nuthulu the Minotaur Berserker began the quest for the Orb.
     0 | D        | Reached XP level 1. HP: 19/19 MP: 0/0
    15 | D        | Reached skill level 4 in Fighting
   129 | D        | Acquired Trog's second power
   135 | D        | Killed a yaktaur
   168 | D        | Reached XP level 2. HP: 14/28 MP: 1/1
   178 | D        | Killed a white draconian scorcher
   255 | D        | Killed a white draconian scorcher
   332 | D        | Reached skill level 5 in Fighting
   332 | D        | Reached skill level 5 in Axes
   332 | D        | Reached XP level 3. HP: 36/36 MP: 2/2
   430 | D        | Gained mutation: You are agile. (Dex +2) [potion of mutation]
   430 | D        | Gained mutation: Armour fits poorly on your strangely shaped body. [potion of mutation]
   430 | D        | Gained mutation: You are partially covered in large bone plates (AC +2, SH +2). [potion of mutation]
   431 | D        | Gained mutation: You have a somewhat thin skeletal structure (Dex +2, Stealth). [potion of mutation]
   431 | D        | Gained mutation: You are frail (-10% HP). [potion of mutation]
   432 | D        | Lost mutation: You are frail (-10% HP). [potion of cure mutation]
   432 | D        | Lost mutation: You are agile. (Dex +2) [potion of cure mutation]
   432 | D        | Lost mutation: Armour fits poorly on your strangely shaped body. [potion of cure mutation]
   432 | D        | Lost mutation: You are partially covered in large bone plates (AC +2, SH +2). [potion of cure mutation]
   432 | D        | Lost mutation: You have a somewhat thin skeletal structure (Dex +2, Stealth). [potion of cure mutation]
   465 | D        | Noticed a water elemental
   472 | D        | Killed a water elemental
   472 | D        | Reached skill level 6 in Fighting
   472 | D        | Reached skill level 5 in Armour
   472 | D        | Reached skill level 5 in Dodging
   472 | D        | Reached XP level 4. HP: 28/44 MP: 3/3
   633 | D        | Found a radiant altar of Vehumet.
   634 | D        | Noticed a wizard
   635 | D        | Killed a wizard
   636 | D        | Found a deep blue altar of Sif Muna.
   636 | D        | Found an ancient bone altar of Kikubaaqudgha.
   637 | D        | Noticed a rust devil
   644 | D        | Noticed an orange demon
   646 | D        | Acquired Trog's third power
   646 | D        | Received a gift from Trog
   671 | D        | Found a glowing silver altar of Zin.
   671 | D        | Found a glowing golden altar of the Shining One.
   671 | D        | Found a white marble altar of Elyvilon.
   672 | D        | Noticed a deep elf priest
   675 | D        | Killed a deep elf priest
   675 | D        | Reached skill level 8 in Fighting
   675 | D        | Reached XP level 5. HP: 56/56 MP: 4/4
   675 | D        | Reached XP level 6. HP: 62/62 MP: 5/5
   722 | D        | Found a basalt altar of Yredelemnul.
   722 | D        | Found a snail-covered altar of Cheibriados.
   722 | D        | Found a blossoming altar of Fedhas.
   722 | D        | Noticed a necrophage
   722 | D        | Noticed a necromancer
   729 | D        | Killed a necrophage
   729 | D        | Reached skill level 9 in Fighting
   741 | D        | Killed a necromancer
   864 | D        | Found an iron altar of Okawaru.
   864 | D        | Found a bloodstained altar of Trog.
   864 | D        | Noticed a human
   865 | D        | Noticed a human
   869 | D        | Killed a human
   869 | D        | Reached XP level 7. HP: 69/69 MP: 6/6
   875 | D        | Killed a human
   875 | D        | Reached skill level 10 in Fighting
   875 | D        | Reached skill level 10 in Axes
   875 | D        | Reached skill level 10 in Armour
   921 | D        | Noticed a jelly
   922 | D        | Noticed a shadow
   930 | D        | Killed a shadow
   933 | D        | Killed a jelly
  1179 | D        | Found a stormy altar of Qazlal.
  1179 | D        | Found a sacrificial altar of Ru.
  1179 | D        | Found a burning altar of Makhleb.
  1179 | D        | Found a shimmering altar of Xom.
  1179 | D        | Noticed a spatial vortex
  1180 | D        | Found a viscous altar of Jiyva.
  1180 | D        | Found a shadowy altar of Dithmenos.
  1180 | D        | Found a sparkling altar of Nemelex Xobeh.
  1180 | D        | Found a corrupted altar of Lugonu.
  1180 | D        | Found an opulent altar of Gozag.
  1190 | D        | Killed a spatial vortex
  1190 | D        | Reached skill level 11 in Fighting
  1190 | D        | Reached XP level 8. HP: 78/80 MP: 7/7
  1209 | D        | Noticed Snorg
  1221 | D        | Killed Snorg
  1221 | D        | Reached skill level 10 in Dodging
  1346 | D        | Noticed an earth elemental
  1364 | D        | Killed an earth elemental
  1364 | D        | Reached skill level 12 in Axes
  1418 | D        | Noticed a centaur
  1418 | D        | Noticed a centaur warrior
  1418 | D        | Noticed a centaur
  1425 | D        | Killed a centaur
  1434 | D        | HP: 2/83 [centaur warrior (4)]
  1436 | D        | Mangled by a centaur warrior

Vault maps used:
D:        dungeon_sprint_mu

Action                   |  1- 3 |  4- 6 |  7- 9 || total
-------------------------+-------+-------+-------++-------
Melee: Hand axe          |    24 |    32 |    33 ||    89
Invok: Berserk           |     2 |     2 |     2 ||     6
       Trog's Hand       |       |     2 |     4 ||     6
       Burn Spellbooks   |       |     1 |       ||     1
       Brothers in Arms  |       |       |     2 ||     2
  Use: Potion            |     3 |       |     3 ||     6
       Scroll            |     2 |       |       ||     2
 Stab: Sleeping          |     1 |       |       ||     1
  Eat: Meat ration       |       |     1 |       ||     1
       Bread ration      |       |       |     1 ||     1
